 Dungeon Crawl Stone Soup version 0.19.1 (webtiles) character file.

674 shmeve the Chopper (level 7, -11/63 HPs)
             Began as a Minotaur Berserker on Nov 30, 2016.
             Was a Priest of Trog.
             Mangled by Pikel
             ... wielding a +1 whip of electrocution
              (13 damage)
             ... on level 4 of the Dungeon.
             The game lasted 00:05:03 (2389 turns).

shmeve the Chopper (Minotaur Berserker)             Turns: 2389, Time: 00:05:04

Health: -11/63     AC: 12    Str: 24    XL:     7   Next: 33%
Magic:  6/6        EV: 11    Int:  4    God:    Trog [***...]
Gold:   142        SH:  0    Dex:  9    Spells: 0 memorised, 6 levels left

rFire  . . .     SeeInvis .     a - +0 hand axe
rCold  . . .     Gourm    .     k - +0 pearl dragon scales
rNeg   + . .     Faith    .     (no shield)
rPois  .         Spirit   .     (helmet restricted)
rElec  .         Reflect  .     (no cloak)
rCorr  .         Harm     .     (no gloves)
MR     .....                    (no boots)
Stlth  ..........               (no amulet)
                                (no ring)
                                (no ring)

@: no status effects
A: retaliatory headbutt, horns 2
a: Berserk, Trog's Hand, Burn Spellbooks, Renounce Religion


You were on level 4 of the Dungeon.
You worshipped Trog.
Trog was most pleased with you.
You were hungry.

You visited 1 branch of the dungeon, and saw 4 of its levels.

You collected 142 gold pieces.

Inventory:

Hand Weapons
 a - a +0 hand axe (weapon)
Armour
 k - +0 pearl dragon scales (worn)
Wands
 n - a wand of iceblast (7/15)
 u - a wand of slowing (24/48)
Scrolls
 d - 3 scrolls of fog {unknown}
 g - a scroll of identify {unknown}
 i - a scroll of random uselessness {unknown}
 j - 2 scrolls of remove curse {unknown}
 l - a scroll of teleportation {unknown}
 o - a scroll of recharging {unknown}
 q - a scroll of blinking {unknown}
Potions
 e - a potion of flight {unknown}
 h - a potion of agility {unknown}
 m - a potion of brilliance {unknown}
 p - a potion of haste {unknown}
 s - 4 potions of might
 t - a potion of cancellation {unknown}
Comestibles
 b - a beef jerky
 c - 3 bread rations
 f - 2 meat rations
 r - a slice of pizza


   Skills:
 * Level 6.1 Fighting
 * Level 6.3 Axes
 + Level 2.6 Throwing
 + Level 4.7 Armour
 + Level 3.7 Dodging


You had 6 spell levels left.
You didn't know any spells.

Dungeon Overview and Level Annotations

Branches:
Dungeon (4/15)
 Temple: D:4-7

Altars:
Fedhas
Trog

Annotations:
D:4 Pikel


Innate Abilities, Weirdness & Mutations

You reflexively headbutt those who attack you in melee.
You have a pair of horns on your head.


Message History

Pikel is heavily wounded.
You closely miss the slave. You hit the slave but do no damage.
The slave misses you. The slave closely misses you. You furiously retaliate!
You headbutt the slave. Pikel closely misses you.
You hit Pikel.
Pikel is severely wounded.
You barely miss the slave. You hit the slave but do no damage.
The slave hits you.
* * * LOW HITPOINT WARNING * * *
The slave hits you.
* * * LOW HITPOINT WARNING * * *
Pikel closely misses you.
You closely miss Pikel. You headbutt Pikel.
Pikel is almost dead.
You closely miss the slave. You hit the slave.
The slave hits you but does no damage. The slave closely misses you.
Pikel hits you with a whip of electrocution.
* * * LOW HITPOINT WARNING * * *
You are electrocuted!
You die...

## ##### #..
...#########
#.#####.#.......#
#......<...#.##p####
#(...##.##.#..@p...#
#..........####K##.#
#....##.#..# .#
#.......#..... .#
#.#..#.##.#######
#.#........
###.##.#.....
.#...#.#.......
........<......


You could see Pikel and 2 slaves.

Vanquished Creatures
  Sigmund (D:2)
  2 eyes of draining (D:3)
  A slave (D:4)
  A big kobold (D:3)
  A scorpion (D:4)
  Ijyb (D:3)
  2 iguanas (D:4)
  An orc wizard (D:3)
  2 adders
  3 gnolls (D:3)
  3 oozes
  3 dart slugs
  2 leopard geckos
  4 orcs (D:3)
  9 bats
  6 giant cockroaches
  7 hobgoblins
  6 jackals
  2 quokkas
  A frilled lizard (D:3)
  8 goblins
  7 kobolds
  A quokka skeleton (D:4)
  A quokka zombie (D:4)
  3 rats
78 creatures vanquished.

Notes
Turn   | Place    | Note
-------+----------+-------------------------------------------
     0 | D:1      | shmeve the Minotaur Berserker began the quest for the Orb.
     0 | D:1      | Reached XP level 1. HP: 19/19 MP: 0/0
   115 | D:1      | Reached XP level 2. HP: 21/27 MP: 1/1
   282 | D:1      | Reached skill level 1 in Throwing
   556 | D:1      | Reached XP level 3. HP: 32/33 MP: 2/2
   882 | D:2      | Reached ** piety under Trog
   984 | D:2      | Noticed Sigmund
   993 | D:2      | Killed Sigmund
   993 | D:2      | Reached XP level 4. HP: 41/41 MP: 3/3
   993 | D:2      | Reached XP level 5. HP: 47/47 MP: 4/4
  1347 | D:3      | Reached skill level 5 in Axes
  1457 | D:3      | Reached skill level 5 in Fighting
  1498 | D:3      | Found a blossoming altar of Fedhas.
  1570 | D:3      | Reached XP level 6. HP: 55/56 MP: 5/5
  1616 | D:3      | Noticed Ijyb
  1619 | D:3      | Found a bloodstained altar of Trog.
  1625 | D:3      | Killed Ijyb
  1642 | D:3      | Reached *** piety under Trog
  2115 | D:3      | Reached XP level 7. HP: 59/62 MP: 6/6
  2373 | D:4      | Noticed Pikel
  2389 | D:4      | HP: 2/63 [Pikel/whip of electrocution (2)]
  2389 | D:4      | Mangled by Pikel

Skill      XL: |  1  2  3  4  5  6  7 |
---------------+----------------------+-----
Axes           | 4 5 6 |  6.3
Throwing       | 1 2 |  2.6
Fighting       | 4 5 6 |  6.1
Armour         | 3 4 |  4.7
Dodging        | 3 |  3.7

Action                   |  1- 3 |  4- 6 |  7- 9 || total
-------------------------+-------+-------+-------++-------
Melee: Hand axe          |    65 |   131 |    38 ||   234
       Headbutt          |    18 |    21 |     4 ||    43
Invok: Berserk           |     1 |       |     1 ||     2
       Trog's Hand       |       |       |     1 ||     1
  Eat: Chunk             |       |     4 |     2 ||     6
Armor: Animal skin       |     7 |       |       ||     7
       Pearl dragon scal |    13 |    57 |    23 ||    93
Dodge: Dodged            |    50 |    85 |    37 ||   172
